 Dungeon Crawl Stone Soup version 0.20.0-3-g22ec75f (webtiles) character file.

1465 Rim the Spear-Bearer (level 8, -4/52 HPs)
             Began as an Octopode Fighter on May 27, 2017.
             Slain by a slime creature (21 damage)
             ... on level 5 of the Dungeon.
             The game lasted 00:14:37 (6058 turns).

Rim the Spear-Bearer (Octopode Fighter)             Turns: 6058, Time: 00:14:38

Health: -4/52      AC:  1    Str: 17    XL:     8   Next: 77%
Magic:  8/8        EV: 12    Int: 11    God:
Gold:   267        SH: 10    Dex: 13    Spells: 7/7 levels left

rFire    . . .     SeeInvis .   a - +0 trident
rCold    . . .     Gourm    .   b - +0 shield
rNeg     + . .     Faith    .   (helmet restricted)
rPois    .         Spirit   .   (no amulet)
rElec    .         Reflect  .   h - ring of positive energy
rCorr    .         Harm     .   w - +2 ring of strength
MR       .....                  y - ring of stealth
Stlth    +++.......             (no ring)
Regen    0.2/turn               (no ring)
MPRegen  0.2/turn               (no ring)
                                (no ring)
                                (no ring)

@: no status effects
A: almost no armour, stealthy swim, amphibious, 8 rings, constrict 8, camouflage
1, gelatinous body 1
a: no special abilities


You were on level 5 of the Dungeon.
You were hungry.

You visited 1 branch of the dungeon, and saw 5 of its levels.

You collected 267 gold pieces.

Inventory:

Hand Weapons
 a - a +0 trident (weapon)
 f - a +0 hunting sling
 B - a +0 shortbow
Missiles
 i - 101 arrows
 m - 102 stones (quivered)
 t - 51 sling bullets
Armour
 b - a +0 shield (worn)
Jewellery
 h - a ring of positive energy (left tentacle)
 w - a +2 ring of strength (right tentacle)
 y - a ring of stealth (on tentacle)
Wands
 E - a wand of iceblast (6/15)
Scrolls
 g - a scroll of enchant weapon {unknown}
 k - a scroll of amnesia {unknown}
 l - 3 scrolls of identify {unknown}
 o - 2 scrolls of random uselessness {unknown}
 r - a scroll of enchant armour {unknown}
 x - a scroll of recharging {unknown}
 A - 2 scrolls of teleportation {unknown}
 C - 4 scrolls of fog {unknown}
 G - a scroll of magic mapping {unknown}
Potions
 c - 2 potions of might
 e - 3 potions of heal wounds {unknown}
 j - 2 potions of invisibility {unknown}
 n - a potion of mutation {unknown}
 p - a potion of lignification {unknown}
 q - 4 potions of curing {unknown}
 s - 2 potions of flight {unknown}
 u - a potion of ambrosia {unknown}
 D - 2 potions of brilliance {unknown}
 F - 2 potions of magic {unknown}
Comestibles
 d - 3 bread rations
 v - 3 royal jellies
 z - 4 meat rations


   Skills:
 - Level 3.0 Fighting
 * Level 8.6 Polearms
 - Level 3.0 Dodging
 + Level 7.2 Shields


You had 7 spell levels left.
You didn't know any spells.

Dungeon Overview and Level Annotations

Branches:
Dungeon (5/15)
 Temple: D:4-7

Altars:
Nemelex Xobeh
Ru
Xom


Innate Abilities, Weirdness & Mutations

You cannot wear most types of armour.
You are very stealthy in the water. (Stealth+)
You are amphibious.
You can wear up to eight rings at the same time.
You can use your tentacles to constrict eight enemies at once.
Your skin changes colour to match your surroundings (Stealth+).
Your rubbery body absorbs attacks. (AC +1, EV +1)


Message History

The large slime creature is heavily wounded.
The large slime creature hits you!!
* * * LOW HITPOINT WARNING * * *
A slime creature suddenly becomes a large slime creature.
There is an open door here.
There is an open gate here.
You see here a kobold skeleton.
Items here: )))) a short sword; a dagger x3
A phantom comes into view.
The slime creature quivers.
The phantom blinks!
An adder comes into view.
The phantom blinks!
You are feeling hungry.
The phantom blinks!
There is a stone staircase leading down here.
The slime creature jiggles.
The slime creature hits you!!
You die...

..## #...##.....#......##
.## #...#..............##
)## #...................#
..# #...................#
#######.......S...........#
)........................>#
#######...................#
####...J.J..........#
##.....@........##
##.W...##.....##
##############


You could see 2 slime creatures, a phantom and an adder (wandering).

Vanquished Creatures
  2 ogres (D:5)
  A phantom (D:5)
  A centaur (D:5)
  4 big kobolds (D:5)
  A bullfrog (D:5)
  2 scorpions (D:4)
  The ghost of Kosschaser the Shield-Bearer, a weakling GrFi (D:3)
  2 crimson imps (D:5)
  A jelly (D:5)
  A hound (D:5)
  Crazy Yiuf (D:4)
  2 bullfrog skeletons
  Jessica (D:3)
  Ijyb (D:5)
  2 iguanas (D:4)
  2 orc wizards
  3 worker ants (D:4)
  A killer bee zombie (D:5)
  2 gnolls (D:5)
  2 adders
  7 oozes
  An adder skeleton (D:4)
  A worm (D:2)
  3 dart slugs (D:1)
  5 leopard geckos
  10 orcs
  4 ball pythons
  6 giant cockroaches
  12 goblins
  6 hobgoblins
  3 quokkas
  8 bats
  4 frilled lizards
  A jackal skeleton (D:4)
  13 kobolds
  5 rats
  A plant (D:3)
123 creatures vanquished.

Vanquished Creatures (others)
  3 fungi (D:5)
  11 toadstools (D:5)
14 creatures vanquished.

Grand Total: 137 creatures vanquished

Notes
Turn   | Place    | Note
-------+----------+-------------------------------------------
     0 | D:1      | Rim the Octopode Fighter began the quest for the Orb.
     0 | D:1      | Reached XP level 1. HP: 16/16 MP: 1/1
    80 | D:1      | Reached XP level 2. HP: 14/21 MP: 2/2
   747 | D:1      | Reached XP level 3. HP: 20/26 MP: 3/3
   915 | D:1      | Reached skill level 3 in Polearms
  1528 | D:2      | You fall through a shaft for 2 floors!
  1544 | D:3      | Noticed Kosschaser's ghost (weakling GrFi)
  1554 | D:3      | Killed Kosschaser's ghost
  1554 | D:3      | Reached XP level 4. HP: 31/31 MP: 4/4
  1789 | D:3      | Found a sacrificial altar of Ru.
  1795 | D:3      | Reached XP level 5. HP: 36/36 MP: 5/5
  1826 | D:3      | Reached skill level 4 in Polearms
  2069 | D:3      | Noticed Jessica
  2073 | D:3      | Killed Jessica
  2489 | D:3      | Found a sparkling altar of Nemelex Xobeh.
  3070 | D:2      | Found a shimmering altar of Xom.
  3383 | D:4      | Reached XP level 6. HP: 31/42 MP: 6/6
  3535 | D:4      | Reached skill level 5 in Polearms
  3651 | D:4      | Reached skill level 5 in Shields
  3900 | D:4      | Reached XP level 7. HP: 45/46 MP: 7/7
  4072 | D:4      | Found a runed door.
  4076 | D:4      | Noticed Crazy Yiuf
  4083 | D:4      | Killed Crazy Yiuf
  4497 | D:4      | Reached skill level 6 in Polearms
  4608 | D:5      | Entered Level 5 of the Dungeon
  5095 | D:5      | Noticed Ijyb
  5109 | D:5      | Killed Ijyb
  5109 | D:5      | Reached skill level 7 in Polearms
  5148 | D:5      | Reached XP level 8. HP: 13/52 MP: 8/8
  5718 | D:5      | Reached skill level 8 in Polearms
  5906 | D:5      | Noticed a slime creature
  5907 | D:5      | Noticed a slime creature
  6058 | D:5      | Slain by a slime creature

Skill      XL: |  1  2  3  4  5  6  7  8 |
---------------+-------------------------+-----
Polearms       | 3 4 5 7 8 |  8.6
Shields        | 4 5 6 7 |  7.2
Fighting       | |  3.0
Dodging        | |  3.0

Action                   |  1- 3 |  4- 6 |  7- 9 || total
-------------------------+-------+-------+-------++-------
Melee: Trident           |    84 |   117 |   170 ||   371
       Constrict         |     9 |    20 |    20 ||    49
       Tentacles         |    10 |    25 |    42 ||    77
 Stab: Sleeping          |    11 |    12 |     8 ||    31
       Invisible         |       |     1 |       ||     1
       Paralysed         |       |     2 |       ||     2
       Distracted        |       |     1 |     2 ||     3
  Eat: Chunk             |     2 |     7 |     7 ||    16
Armor: Skin              |     4 |     2 |     4 ||    10
Dodge: Dodged            |    17 |    33 |    40 ||    90
Block: Shield            |    15 |    25 |    45 ||    85
